AoeStats
← addonion123

Black Forest

509841595Analyzed
4v4 RM · 5d ago on Sep 28, 2026· 42m 46s· 8 players
Game mode
Random Map
Map size
Large (8 player)
Population
200
Speed
Normal
Resources
Standard
Victory
Conquest
Starting age
Dark Age
Ending age
Imperial Age
RankedLock teamsTeams togetherTeam positionsShared explorationLock speedFull tech treeHidden civsTurbo modeCheats
Victory
Defeat
🇨🇳 Mongols · China
1061
+16
🇮🇳 Bulgarians · India
1058
+16
🇨🇳 Koreans · China
1049
+16
🇮🇳 Persians · India
1016
+18
🇭🇰 Mongols · Hong Kong SAR China
1104
-18
🇪🇸 Danes · Spain
1076
-17
🇦🇺 Bulgarians · Australia
1033
-16
🇨🇳 Italians · China
1021
-15
Hao
11:24 Feudal Age
12:22 Loom
15:15 Castle Age
13:13 Double-Bit Axe
13:26 Horse Collar
15:02 Loom
17:54 Bow Saw
19:13 Heavy Plow
21:10 Wheelbarrow
23:57 Gold Mining
24:43 Fletching
26:48 Gold Shaft Mining
26:06 Stone Mining
26:53 Hand Cart
27:45 Padded Archer Armor
31:26 Imperial Age
30:22 Ballistics
29:59 Bodkin Arrow
30:20 Leather Archer Armor
31:00 Stone Shaft Mining
32:35 Conscription
32:23 Nomads
31:58 Elite Mangudai
33:49 Chemistry
33:01 Bracer
33:29 Husbandry
33:39 Bloodlines
34:36 Thumb Ring
35:30 Siege Engineers
36:38 Parthian Tactics
35:34 Heavy Cavalry Archer
36:12 Light Cavalry
40:13 Capped Ram
40:22 Onager
abhishekchopra.ubs
8:05 Loom
10:54 Feudal Age
14:44 Castle Age
12:57 Double-Bit Axe
13:02 Horse Collar
17:09 Bow Saw
19:56 Wheelbarrow
20:47 Wheelbarrow
23:56 Heavy Plow
24:11 Gold Mining
24:38 Hand Cart
27:42 Imperial Age
26:07 Stone Mining
26:54 Gold Shaft Mining
27:40 Scale Barding Armor
27:46 Forging
28:25 Chain Barding Armor
28:29 Ballistics
29:10 Chemistry
29:10 Crop Rotation
29:41 Conscription
29:17 Elite War Elephant
31:07 Stone Shaft Mining
32:53 Plate Barding Armor
32:54 Iron Casting
32:34 Caravan
34:55 Blast Furnace
36:51 Fletching
37:02 Padded Archer Armor
37:02 Scale Mail Armor
40:58 Two-Man Saw
39:46 Town Watch
40:00 Murder Holes
40:16 Masonry
39:59 Guard Tower
40:13 Devotion
40:19 Herbal Medicine
41:20 Bloodlines
41:10 Husbandry
jay_jadon
0:27 Loom
12:58 Feudal Age
17:23 Castle Age
15:14 Double-Bit Axe
25:20 Horse Collar
27:09 Bow Saw
30:40 Heavy Plow
31:02 Forging
30:53 Scale Mail Armor
34:12 Imperial Age
32:25 Wheelbarrow
33:18 Iron Casting
32:59 Chain Mail Armor
32:33 Gambesons
34:17 Squires
35:56 Blast Furnace
35:46 Conscription
37:17 Hand Cart
36:56 Gold Mining
38:09 Plate Mail Armor
38:30 Bagains
38:41 Caravan
39:31 Crop Rotation
39:28 Heated Shot
39:59 Ballistics
40:39 Chemistry
40:58 Gold Shaft Mining
40:34 Scale Barding Armor
40:17 Town Watch
40:21 Arson
40:49 Stirrups
雎鸠
1:26 Loom
13:45 Feudal Age
13:50 Man-at-Arms
14:19 Double-Bit Axe
14:16 Horse Collar
14:30 Arson
15:40 Forging
25:00 Castle Age
23:50 Gold Mining
23:53 Stone Mining
25:07 Wheelbarrow
26:12 Heavy Plow
26:25 Bow Saw
26:52 Gold Shaft Mining
26:53 Stone Shaft Mining
27:29 Hand Cart
28:54 Fletching
31:02 Bodkin Arrow
32:51 Ballistics
34:04 Masonry
33:52 Murder Holes
33:47 Treadmill Crane
34:12 Scale Mail Armor
34:47 Iron Casting
36:45 Imperial Age
35:40 Squires
35:01 Pikeman
36:06 Eupseong
37:02 Long Swordsman
37:46 Halberdier
38:04 Two-Handed Swordsman
39:14 Chain Mail Armor
38:59 Bracer
39:33 Conscription
40:17 Chemistry
39:03 Arrowslits
39:50 Architecture
39:52 Elite War Wagon
41:00 Champion
42:13 Siege Engineers
Strike90
1:53 Loom
12:38 Feudal Age
17:44 Castle Age
24:10 Double-Bit Axe
25:45 Horse Collar
27:15 Forging
28:48 Gold Mining
31:41 Fletching
32:23 Hamask
34:41 Pikeman
36:00 Squires
36:03 Scale Mail Armor
36:40 Iron Casting
36:40 Bodkin Arrow
素
9:56 Feudal Age
18:01 Castle Age
16:09 Double-Bit Axe
20:27 Bow Saw
23:42 Gold Mining
24:03 Horse Collar
25:14 Stone Mining
31:52 Imperial Age
30:01 Wheelbarrow
29:14 Man-at-Arms
30:56 Crossbowman
32:17 Masonry
32:51 Hand Cart
32:21 Loom
33:39 Chemistry
33:41 Heavy Plow
34:43 Two-Man Saw
37:21 Redemption
37:52 Elite Genoese Crossbowman
39:42 Fletching
39:52 Padded Archer Armor
40:02 Forging
39:52 Scale Mail Armor
41:08 Town Watch
42:06 Hoardings
42:26 Bodkin Arrow
42:31 Padded Archer Armor
addonion123
10:21 Feudal Age
8:37 Loom
14:50 Castle Age
14:27 Double-Bit Axe
14:26 Horse Collar
21:02 Wheelbarrow
23:31 Town Watch
25:32 Bow Saw
25:28 Heavy Plow
28:38 Imperial Age
27:49 Light Cavalry
28:39 Bloodlines
28:30 Husbandry
28:42 Scale Barding Armor
28:48 Forging
28:46 Hussar
29:53 Chain Barding Armor
30:09 Iron Casting
29:46 Onager
31:51 Hand Cart
35:13 Conscription
35:15 Drill
35:08 Siege Engineers
37:02 Chemistry
37:10 Siege Onager
38:56 Blast Furnace
Campaign NPC
1:10 Loom
10:28 Feudal Age
11:58 Double-Bit Axe
15:50 Wheelbarrow
25:14 Castle Age
24:15 Horse Collar
24:49 Stone Mining
24:50 Gold Mining
25:22 Scale Mail Armor
25:33 Forging
26:15 Bow Saw
26:33 Chain Mail Armor
26:53 Iron Casting
26:50 Caravan
27:19 Heavy Plow
28:16 Iron Casting
30:48 Hand Cart
31:12 Fervor
32:14 Arson
32:16 Gambesons
32:31 Squires
Connection lost

Rejoining the realm…

Still unreachable

The connection could not be restored.

Session expired

The server has moved on; the page needs a fresh start.